 Dungeon Crawl Stone Soup version 0.27.1-34-g3ba077fa99 (webtiles) character file.

Game seed: 5643912646328726914

3098 ticklebelly the Cleaver (level 9, -4/83 HPs)
             Began as a Minotaur Berserker on Jan 1, 2022.
             Was a High Priest of Trog.
             Slain by Erica (8 damage)
             ... on level 8 of the Dungeon.
             The game lasted 00:36:15 (8440 turns).

ticklebelly the Cleaver (Minotaur Berserker)        Turns: 8440, Time: 00:36:16

Health: -4/83      AC: 11    Str: 25    XL:     9   Next: 59%
Magic:  8/8        EV: 10    Int:  4    God:    Trog [*****.]
Gold:   438        SH:  5    Dex: 10    Spells: 8/8 levels left

rFire    . . .     SeeInvis .   d - +0 war axe
rCold    . . .     Faith    .   s - +0 buckler
rNeg     . . .     Spirit   .   E - +0 chain mail
rPois    .         Reflect  .   (helmet restricted)
rElec    .         Harm     .   (no cloak)
rCorr    .         Rampage  .   (no gloves)
Will     +++..                  v - +0 pair of boots
Stlth    ..........             k - amulet of the acrobat
HPRegen  1.23/turn              p - +4 ring of slaying
MPRegen  0.11/turn              i - ring of willpower

@: strong-willed, regenerating
A: horns 2, retaliatory headbutt
a: Renounce Religion, Berserk, Trog's Hand, Brothers in Arms


You were on level 8 of the Dungeon.
You worshipped Trog.
Trog was extremely pleased with you.
You visited 1 branch of the dungeon, and saw 8 of its levels.
You also visited: Sewer.

You collected 438 gold pieces.

Inventory:

Hand Weapons
 d - a +0 war axe (weapon)
Missiles
 m - 2 throwing nets
 r - 2 boomerangs (quivered)
Armour
 s - a +0 buckler (worn)
 v - a +0 pair of boots (worn)
 E - a +0 chain mail (worn)
Jewellery
 e - a ring of see invisible
 i - a ring of willpower (right hand)
 k - an amulet of the acrobat (around neck)
 p - a +4 ring of slaying (left hand)
Wands
 q - a wand of acid (7)
 t - a wand of iceblast (7)
Scrolls
 c - 9 scrolls of identify {unknown}
 g - a scroll of teleportation {unknown}
 j - 2 scrolls of enchant weapon {unknown}
 l - a scroll of amnesia {unknown}
 n - 2 scrolls of blinking {unknown}
 y - 2 scrolls of holy word {unknown}
 z - 2 scrolls of fear {unknown}
 C - a scroll of noise {unknown}
 D - a scroll of enchant armour {unknown}
Potions
 a - a potion of flight {unknown}
 b - 3 potions of attraction {unknown}
 f - 6 potions of curing {unknown}
 h - 2 potions of lignification {unknown}
 o - 5 potions of haste
 u - a potion of degeneration {unknown}
 w - 3 potions of mutation {unknown}
 x - 4 potions of heal wounds {unknown}
 A - 2 potions of magic {unknown}
 B - a potion of might


   Skills:
 + Level 9.3 Fighting
 + Level 9.4 Axes
 + Level 6.0 Armour
 + Level 5.6 Dodging
 + Level 5.4 Shields
 + Level 2.9 Evocations


You had 8 spell levels left.
You didn't know any spells.
Your spell library was empty.

Dungeon Overview and Level Annotations

Branches:
Dungeon (8/15)             Temple (0/1) D:5           Sewer (visited)
   Lair: D:8-11

Altars:
Elyvilon
Gozag
Hepliaklqana
Okawaru
Trog
Vehumet
Xom
Zin
The Shining One

Shops:
D:4 (

Annotations:
D:8 Erica


Innate Abilities, Weirdness & Mutations

You have a pair of horns on your head.
You reflexively headbutt those who attack you in melee.


Message History

Throw: 2 boomerangs
Press: ? - help, Q - select action, (/) - cycle Shift-Dir - straight line, f - Erica
Aim: Erica, wielding a +2 scimitar of flaming and wearing a +0 robe (62% to hit)
You throw a boomerang. The boomerang barely misses Erica.
Throw: 2 boomerangs
Press: ? - help, Q - select action, (/) - cycle Shift-Dir - straight line, f/p - Erica
Aim: Erica, wielding a +2 scimitar of flaming and wearing a +0 robe (62% to hit)
You throw a boomerang. The boomerang barely misses Erica.
Throw: 2 boomerangs
Press: ? - help, Q - select action, (/) - cycle Shift-Dir - straight line, f/p - Erica
Aim: Erica, wielding a +2 scimitar of flaming and wearing a +0 robe (62% to hit)
You throw a boomerang. The boomerang hits Erica.
Erica is lightly wounded.
You closely miss Erica.
Erica is lightly wounded.
You block Erica's attack.
You slash Erica! You headbutt Erica!
Erica is moderately wounded.
Erica hits you with a +2 scimitar of flaming!
Erica burns you.
You slice Erica!!
Erica is heavily wounded.
Erica casts a spell.
Erica flickers and vanishes!
Deactivating autopickup; reactivate with Ctrl-A.
You slash something! You headbutt something. Something hits you.
Something burns you.
You hit something. Something hits you! Something burns you.
You barely miss something. You headbutt something. Something hits you!
Something burns you.
You barely miss something.
You hear some strange, mumbled words.
A lance of force appears from out of thin air!
The lance of force hits you!!
* * * LOW HITPOINT WARNING * * *
You are knocked back by the lance of force.
You slam into the rock wall!
* * * LOW HITPOINT WARNING * * *
You miss something. Something hits you!
You die...

#.<.# ........#...#
........#...#
........#...#
.(.....#...######
#.....#........#######
..#.....#........#......
..'.....#........#......
#....@#........#......
#..){.'.......['......
#.....#........#).....
#.....##########<.....
......## ####### ..[....
....... ....... .....


There were no monsters in sight!

Vanquished Creatures
  Prince Ribbit (D:7)
  Sigmund (D:5)
  3 yaks (D:7)
  Menkaure (D:7)
  A sky beast (D:6)
  A black bear (D:3)
  4 ogres
  2 centaurs (D:6)
  A bullfrog (D:6)
  3 kobold brigands (Sewer)
  A scorpion (D:4)
  A gnoll sergeant (D:5)
  A bullfrog zombie (D:6)
  A bullfrog skeleton (D:6)
  A gnoll shaman (D:6)
  A jelly (D:6)
  A centaur skeleton (D:7)
  5 hounds
  Terence (D:2)
  An iguana (D:6)
  Natasha (thrice) (D:2)
  4 orc wizards
  A killer bee zombie (D:7)
  A hound skeleton (D:5)
  A howler monkey zombie (D:6)
  20 gnolls
  A howler monkey skeleton (D:7)
  9 river rats
  10 adders
  A shadow imp (D:5)
  3 ufetubi (D:6)
  3 adder skeletons
  6 worms
  5 dart slugs
  15 orcs
  7 endoplasms
  6 giant cockroaches
  7 goblins
  5 hobgoblins
  4 jackals
  14 quokkas
  11 ball pythons
  7 bats
  5 frilled lizards
  24 kobolds
  27 rats
232 creatures vanquished.

Vanquished Creatures (others)
  A fungus (Sewer)
  A plant (Sewer)
2 creatures vanquished.

Grand Total: 234 creatures vanquished

Notes
Turn   | Place    | Note
-------+----------+-------------------------------------------
     0 | D:1      | ticklebelly the Minotaur Berserker began the quest for the
                  | Orb.
     0 | D:1      | Reached XP level 1. HP: 19/19 MP: 0/0
   160 | D:1      | Reached XP level 2. HP: 25/27 MP: 1/1
   828 | D:1      | Found a faded altar of an unknown god.
   835 | D:1      | Reached XP level 3. HP: 30/33 MP: 2/2
   894 | D:2      | Reached ** piety under Trog
  1611 | D:2      | Reached XP level 4. HP: 41/41 MP: 3/3
  1968 | D:2      | Noticed Natasha
  1972 | D:2      | Killed Natasha
  2070 | D:2      | Noticed Terence
  2076 | D:2      | Reached skill level 5 in Fighting
  2082 | D:2      | Killed Terence
  2083 | D:2      | Reached skill level 5 in Axes
  2083 | D:2      | Reached XP level 5. HP: 40/48 MP: 4/4
  2907 | D:2      | Noticed Natasha
  2913 | D:2      | Killed Natasha
  2955 | D:2      | Noticed Natasha
  2965 | D:2      | Killed Natasha
  3361 | D:3      | Noticed a black bear
  3368 | D:3      | Killed a black bear
  3369 | D:3      | Reached XP level 6. HP: 57/57 MP: 5/5
  4407 | D:5      | Entered Level 5 of the Dungeon
  4411 | D:5      | Reached *** piety under Trog
  4646 | D:4      | Reached XP level 7. HP: 63/63 MP: 6/6
  4735 | D:4      | Found Rynidghu's Weapon Shoppe.
  4930 | D:4      | Reached skill level 1 in Evocations
  5184 | D:3      | Reached skill level 5 in Armour
  5461 | D:4      | Found a shimmering altar of Xom.
  5793 | D:5      | Found a staircase to the Ecumenical Temple.
  5967 | D:5      | Reached **** piety under Trog
  6013 | D:5      | Reached XP level 8. HP: 73/73 MP: 7/7
  6198 | D:5      | Found a hazy altar of Hepliaklqana.
  6333 | D:5      | Noticed Sigmund
  6340 | D:5      | Killed Sigmund
  6341 | D:5      | Reached skill level 5 in Dodging
  6623 | D:6      | Reached skill level 1 in Shields
  6798 | D:6      | Found a bloodstained altar of Trog.
  6810 | D:6      | Found a radiant altar of Vehumet.
  6810 | D:6      | Found an opulent altar of Gozag.
  6986 | D:6      | Found a glowing drain.
  6993 | Sewer    | Entered a sewer
  7134 | Sewer    | Reached XP level 9. HP: 82/82 MP: 8/8
  7229 | Sewer    | Reached ***** piety under Trog
  7667 | D:7      | Found an iron altar of Okawaru.
  7686 | D:7      | Found a glowing silver altar of Zin.
  7689 | D:7      | Found a glowing golden altar of the Shining One.
  7691 | D:7      | Found a white marble altar of Elyvilon.
  7727 | D:7      | Noticed Prince Ribbit
  7743 | D:7      | Killed Prince Ribbit
  7839 | D:7      | Noticed Menkaure
  7846 | D:7      | Killed Menkaure
  8041 | D:7      | Reached skill level 5 in Shields
  8428 | D:8      | Noticed Erica
  8439 | D:8      | HP: 3/83 [something (13)]
  8440 | D:8      | Slain by Erica

Illustrated notes

Levels and vault maps discovered:
D:1:      scummos_arrival_gate, layout_basic, dreamdust_ecumenical_altar_statues
D:2:      minmay_door_path, layout_basic, serial_glass, glass_columns_c,
          glass_columns_b, uniq_natasha, uniq_terence
D:3:      layout_basic
D:4:      layout_basic, tgw_xom, serial_shops, nicolae_shop_statue_plus,
          serial_glass, glass_columns_c, glass_columns_b
D:5:      lemuel_ratsnest, layout_basic, mainiacjoe_overflow_catwalk,
          minmay_temple_entry_ruins, kennysheep_nub, solitary_fountain,
          uniq_sigmund
D:6:      layout_rooms, minitemple, portal_sewer_entry_e,
          minmay_stone_trees_small
D:7:      layout_rooms, good_gods_mini_temple, okawaru_trees_1,
          uniq_prince_ribbit1, uniq_menkaure
D:8:      layout_gridville, serial_undead, serial_undead_b, serial_undead_c,
          serial_undead_b, serial_undead_b, kb_rosetta, uniq_erica

Skill      XL: |  1  2  3  4  5  6  7  8  9 |
---------------+----------------------------+-----
Fighting       | 4 5 6 7 8 9 |  9.3
Axes           | 4 5 6 7 8 9 |  9.4
Armour         | 3 4 5 6 |  6.0
Dodging        | 3 4 5 |  5.6
Evocations     | 1 2 |  2.9
Shields        | 3 5 |  5.4

Action                   |  1- 3 |  4- 6 |  7- 9 || total
-------------------------+-------+-------+-------++-------
Melee: Hand axe          |    61 |   164 |       ||   225
       Headbutt          |     7 |    28 |    49 ||    84
       War axe           |       |    17 |   245 ||   262
Throw: Boomerang         |       |       |     8 ||     8
Invok: Trog's Hand       |       |     2 |     3 ||     5
       Berserk           |       |     2 |     1 ||     3
Armor: Leather armour    |    14 |    18 |       ||    32
       Ring mail         |       |     6 |    22 ||    28
       Scale mail        |       |       |    30 ||    30
       Chain mail        |       |       |     1 ||     1
Dodge: Dodged            |    47 |    97 |   135 ||   279
Block: Buckler           |       |       |    26 ||    26
